 Dungeon Crawl Stone Soup version 0.29-a0-231-g945431f764 (webtiles) character file.

Game seed: 15744616160779947400

731 siradein the Chopper (level 7, -1/93 HPs)
             Began as a Hill Orc Berserker on Feb 28, 2022.
             Was a Believer of Trog.
             Slain by a scorpion (3 damage)
             ... on level 4 of the Dungeon.
             The game lasted 00:06:31 (4155 turns).

siradein the Chopper (Hill Orc Berserker)           Turns: 4155, Time: 00:06:32

Health: -1/93      AC:  7    Str: 22    XL:     7   Next: 73%
Magic:  7/7        EV: 12    Int:  7    God:    Trog [**....]
Gold:   97         SH:  0    Dex: 17    Spells: 6/6 levels left

rFire   . . .      SeeInvis .   q - +0 war axe
rCold   . . .      Faith    .   (no shield)
rNeg    + . .      Spirit   .   g - +0 ring mail
rPois   .          Reflect  .   (no helmet)
rElec   .          Harm     .   (no cloak)
rCorr   +          Rampage  .   (no gloves)
Will    ++...                   w - +0 pair of boots
Stlth   ..........              (no amulet)
HPRegen 1.25/turn               o - ring "Nalot" {rN+ Dex+5}
MPRegen 0.10/turn               s - ring of resist corrosion

@: berserking, lethally poisoned (-1 -> -14), strong-willed (expiring),
regenerating (expiring), very quick
A: thin skeletal structure 1, subdued magic 1
a: Renounce Religion, Berserk, Trog's Hand


You were on level 4 of the Dungeon.
You worshipped Trog.
Trog was pleased with you.
You visited 1 branch of the dungeon, and saw 4 of its levels.

You collected 193 gold pieces.
You spent 96 gold pieces at shops.

Inventory:

Hand Weapons
 q - a +0 war axe (weapon)
Missiles
 e - 5 poisoned darts (quivered)
 m - 2 throwing nets
Armour
 g - a +0 ring mail (worn)
 w - a +0 pair of boots (worn)
Jewellery
 o - the ring "Nalot" (left hand) {rN+ Dex+5}
   (You found it on level 2 of the Dungeon)

   [ring of positive energy]

   Dex:       It affects your dexterity (+5).
   rN:        It protects you from negative energy.
 s - a ring of resist corrosion (right hand)
 u - a ring of protection from cold
Scrolls
 c - 2 scrolls of holy word {unknown}
 d - a scroll of vulnerability {unknown}
 f - 2 scrolls of magic mapping {unknown}
 k - a scroll of blinking {unknown}
 l - 2 scrolls of enchant armour {unknown}
 n - a scroll of noise {unknown}
 t - a scroll of enchant weapon {unknown}
 v - a scroll of identify {unknown}
Potions
 a - 2 potions of magic {unknown}
 b - 2 potions of haste {unknown}
 h - a potion of brilliance {unknown}
 i - 2 potions of heal wounds {unknown}
 j - a potion of berserk rage {unknown}
 p - a potion of attraction {unknown}
 r - a potion of lignification {unknown}


   Skills:
 + Level 5.7 Fighting
 + Level 6.3 Axes
 + Level 2.9 Throwing
 + Level 4.5 Armour
 + Level 3.4 Dodging


You had 6 spell levels left.
You didn't know any spells.
Your spell library was empty.

Dungeon Overview and Level Annotations

Branches:
Dungeon (4/15)             Temple (0/1) D:4

Altars:

Shops:
D:1 *=?(   D:4 !


Innate Abilities, Weirdness & Mutations

You have a somewhat thin skeletal structure. (Dex +2, Stealth+)
Your spells are a little easier to cast, but a little less powerful.


Message History

You are more poisoned.
The scorpion poisons you! The scorpion stings you.
You hit the scorpion.
The scorpion is severely wounded.
You feel very sick.
A nearby fungus withers and dies.
The bat is caught in a web!
The bat pulls away from the web.
The scorpion barely misses you.
The bat hits something.
You hit the scorpion but do no damage.
The scorpion is severely wounded.
You feel very sick.
The bat hits the fungus.
The scorpion stings you!
You are more poisoned.
The scorpion poisons you! The scorpion stings you.
You are more poisoned.
The scorpion poisons you!
Your skin crawls.
You feel strong-willed.
* * * LOW HITPOINT WARNING * * *
You feel extremely sick. The scorpion stings you.
* * * LOW HITPOINT WARNING * * *
You are more poisoned.
The scorpion poisons you!
A red film seems to cover your vision as you go berserk!
You feel yourself moving faster!
You feel mighty!
You feel the effects of Trog's Hand fading.
* * * LOW HITPOINT WARNING * * *
You feel extremely sick.
The bat is caught in a web!
A bat comes into view.
The bat pulls away from the web.
The scorpion stings you.
* * * LOW HITPOINT WARNING * * *
Something stings the fungus!
The bat moves out of view.
You closely miss the scorpion.
The scorpion is severely wounded.
* * * LOW HITPOINT WARNING * * *
You feel very sick.
A nearby fungus withers and dies.
The scorpion stings you.
You die...

# #.....[...# #.##.#
#.##.# ##.
###.###.#####
#.##.###<##.####..
.##.###.#
#.##..............
........#
###.######.##.###...
#.#.##### #...#
#.##....... ....#
#.#.######.#####.#..
#.### #.##.......#
#.... #.#
#††######### ##.#.
#.# ##.@s# #...
..##### ####bS# ###.
......# gb.# #.
#####.######### b..#
#. #.##......# ...
#. ### #.##.######
.. #. ..# #.##.# ^
#. #.###.##.### #.
...........# ##.


You could see a scorpion, an adder, a hobgoblin and 3 bats.

Vanquished Creatures
  Sigmund (D:4)
  Eustachio (D:4)
  2 scorpions (D:4)
  2 orc priests (D:4)
  An iguana (D:4)
  Jessica (D:3)
  An orc wizard (D:4)
  7 adders
  4 gnolls (D:2)
  An ufetubus (D:4)
  A worm (D:2)
  A dart slug (D:2)
  5 orcs (D:4)
  9 ball pythons
  7 bats
  9 endoplasms
  5 giant cockroaches
  3 goblins
  6 hobgoblins
  2 quokkas
  3 frilled lizards
  7 kobolds
  3 rats
82 creatures vanquished.

Vanquished Creatures (others)
  9 fungi (D:4)
9 creatures vanquished.

Grand Total: 91 creatures vanquished

Notes
Turn   | Place    | Note
-------+----------+-------------------------------------------
     0 | D:1      | siradein the Hill Orc Berserker began the quest for the
                  | Orb.
     0 | D:1      | Reached XP level 1. HP: 19/19 MP: 1/1
    20 | D:1      | Found Losigung's Magic Scroll Shoppe.
   159 | D:1      | Found Icetomm's Assorted Antiques.
   234 | D:1      | Reached XP level 2. HP: 12/27 MP: 2/2
   410 | D:1      | Found Qiqatt's Jewellery Emporium.
   514 | D:1      | Found Kuffast's Antique Weapon Emporium.
   926 | D:1      | Reached XP level 3. HP: 33/33 MP: 3/3
  1631 | D:2      | Reached XP level 4. HP: 40/40 MP: 4/4
  1810 | D:2      | Found a faded altar of an unknown god.
  1964 | D:2      | Reached skill level 1 in Throwing
  1972 | D:2      | Identified the ring "Nalot" {rN+ Dex+5}
  2011 | D:2      | Reached ** piety under Trog
  2128 | D:2      | Reached skill level 5 in Axes
  2128 | D:2      | Reached XP level 5. HP: 41/47 MP: 5/5
  2571 | D:3      | Noticed Jessica
  2576 | D:3      | Killed Jessica
  3496 | D:4      | Noticed Sigmund
  3500 | D:4      | Killed Sigmund
  3501 | D:4      | Reached skill level 5 in Fighting
  3501 | D:4      | Reached XP level 6. HP: 56/56 MP: 6/6
  3567 | D:4      | Found Tubujih's Distillery.
  3578 | D:4      | Bought a potion of mutation for 96 gold pieces
  3578 | D:4      | Gained mutation: Your spells are a little easier to cast,
                  | but a little less powerful. [potion of mutation]
  3578 | D:4      | Gained mutation: You have a somewhat thin skeletal
                  | structure. (Dex +2, Stealth+) [potion of mutation]
  3601 | D:4      | Noticed Eustachio
  3617 | D:4      | Killed Eustachio
  3618 | D:4      | Reached skill level 6 in Axes
  3618 | D:4      | Reached XP level 7. HP: 46/61 MP: 7/7
  3920 | D:4      | Found a staircase to the Ecumenical Temple.
  4155 | D:4      | HP: 2/93 [poisoned by a scorpion]
  4155 | D:4      | Slain by a scorpion

Illustrated notes

Levels and vault maps discovered:
D:1:      ncdulo_wetmaze, layout_loops_ring, serial_shops,
          nicolae_shop_behind_doors, nicolae_shop_hallway_stairs,
          shop_fountains, shop
D:2:      minmay_recursive_quarters, layout_basic,
          shapermc_ecumenical_altar_mp_ritualfount, dk_vineyard_3,
          kennysheep_flooded_box, hangedman_feature_mirror
D:3:      layout_loops_ring, uniq_jessica
D:4:      old_forge, layout_loops_corners, minmay_temple_entry_mist,
          serial_shops, nicolae_shop_crystal, minmay_misc_feat_x,
          uniq_eustachio, uniq_sigmund, uniq_grinder, uniq_crazy_yiuf_cottage

Skill      XL: |  1  2  3  4  5  6 |
---------------+-------------------+-----
Fighting       | 4 5 |  5.7
Dodging        | 2 3 |  3.4
Armour         | 3 4 |  4.5
Throwing       | 1 2 |  2.9
Axes           | 5 6 |  6.3

Action                   |  1- 3 |  4- 6 |  7- 9 || total
-------------------------+-------+-------+-------++-------
Melee: Hand axe          |   106 |    29 |       ||   135
       War axe           |       |    62 |    36 ||    98
       Punch             |       |     1 |     1 ||     2
Invok: Berserk           |     1 |     2 |     1 ||     4
       Trog's Hand       |       |       |     1 ||     1
  Use: Potion            |       |     1 |       ||     1
 Stab: Distracted        |       |       |     1 ||     1
       Sleeping          |       |       |     1 ||     1
Armor: Animal skin       |     3 |       |       ||     3
       Ring mail         |    30 |    25 |     8 ||    63
       Leather armour    |     4 |       |       ||     4
Dodge: Dodged            |    61 |    65 |    16 ||   142

Table legend: (Time is in decaauts)
 A = Elapsed time spent in this place.
 B = Non-inter-level travel time spent in this place.
 C = Inter-level travel time spent in this place.
 D = Time resting spent in this place.
 E = Time spent auto-exploring this place.
 F = Levels seen in this place.
 G = Mean time per level.
                   A        B        C        D        E       F      G
               +--------+--------+--------+--------+--------+-----+--------+
         Total |   4225 |   4159 |     66 |     94 |   3478 |   4 | 1056.2 |
       Dungeon |   4225 |   4159 |     66 |     94 |   3478 |   4 | 1056.2 |
               +--------+--------+--------+--------+--------+-----+--------+

Top non-repeatable levels by time:
     D:2: 1329 daAuts
     D:1: 1269 daAuts
     D:4: 1007 daAuts
     D:3: 619 daAuts
